 Dungeon Crawl Stone Soup version 0.18.1-47-g9310371 (webtiles) character file.

175 Tabu the Cutter (level 5, -3/33 HPs)
             Began as a Kobold Berserker on June 21, 2016.
             Was a Believer of Trog.
             Slain by an orc priest (5 damage)
             ... on level 3 of the Dungeon.
             The game lasted 00:03:52 (1437 turns).

Tabu the Cutter (Kobold Berserker)                  Turns: 1437, Time: 00:03:53

Health: -3/33      AC:  3    Str: 15    XL:     5   Next: 86%
Magic:  5/5        EV: 16    Int:  5    God:    Trog [**....]
Gold:   102        SH:  0    Dex: 17    Spells: 0 memorised, 4 levels left

rFire  . . .     SeeInvis .     a - +0 short sword
rCold  + . .     Gourm    .     p - +0 leather armour {rC+}
rNeg   . . .     Faith    .     (shield restricted)
rPois  .         Spirit   .     (no helmet)
rElec  .         Dismiss  .     (no cloak)
rCorr  +         Reflect  .     (no gloves)
SustAt .         Harm     .     (no boots)
MR     .....                    (no amulet)
Stlth  +.........               (no ring)
                                f - ring of resist corrosion

@: exhausted, very slightly contaminated, hasted and slowed, not resistant to
hostile enchantments, very unstealthy
A: carnivore 3
a: Berserk, Trog's Hand, Burn Spellbooks, Renounce Religion


You were on level 3 of the Dungeon.
You worshipped Trog.
Trog was pleased with you.
You were very full.

You visited 1 branch of the dungeon, and saw 3 of its levels.

You collected 102 gold pieces.

Inventory:

Hand Weapons
 a - a +0 short sword (weapon)
 j - a cursed -2 hunting sling
Missiles
 l - 13 poisoned needles
Armour
 b - a +0 animal skin
 p - a +0 leather armour of cold resistance (worn)
Jewellery
 f - a ring of resist corrosion (left hand)
Scrolls
 d - a scroll of enchant weapon {unknown}
 e - a scroll of immolation {unknown}
 g - a scroll of random uselessness
 h - a scroll of blinking {unknown}
 i - 2 scrolls of teleportation {unknown}
 k - 2 scrolls of remove curse {unknown}
 q - a scroll of enchant armour {unknown}
Potions
 m - a potion of haste
 n - a potion of curing {unknown}
Comestibles
 c - 2 meat rations
 o - 6 chunks of flesh


   Skills:
 + Level 4.2 Fighting
 * Level 6.3 Short Blades
 - Level 1.5 Armour
 + Level 4.0 Dodging


You had 4 spell levels left.
You didn't know any spells.

Dungeon Overview and Level Annotations

Branches:
Dungeon (3/15)

Altars:
Dithmenos
Qazlal
Vehumet


Innate Abilities, Weirdness & Mutations

You are small and have problems with some larger weapons.
You are carnivorous and can eat meat at any time.


Message History

The orc is heavily wounded.
The orc priest misses you. The dart slug launches a dart at you.
The slug dart misses you.
The slug dart hits the orc.
The orc hits you with a hand axe.
* * * LOW HITPOINT WARNING * * *
Drink which item? (? for menu, Esc to quit)
It was a potion of haste.
You feel yourself speed up.
The orc priest looks braver for a moment.
The orc hits you with a hand axe.
* * * LOW HITPOINT WARNING * * *
The dart slug barely misses you.
You are very lightly contaminated with residual magic.
Okay, then.
Okay, then.
Read which item? (? for menu, Esc to quit)
As you read the scroll labeled BECSEFI TENEAT, it crumbles to dust.
Your +0 short sword glows mottled marigold for a moment.
It was a scroll of random uselessness.
The orc priest hits you.
You die...

.. .# .# ..## .
##.... #.
#....# .. ##§#
#.....# #.#
#§§§#......#
#.#
#.#.#§#w#...#.#
##.#
#..§.§§@oo....#
..#
###.#§#o#..####
#.# #§§.##..#
## #.#######.##
.o# .#
#..........#
o.# .#
#.##########
..# .# #.# .##
.# #.# .. .#
#.#


You could see an orc priest, a dart slug and 2 orcs.

Vanquished Creatures
  An orc priest (D:3)
  An orc wizard (D:3)
  3 adders (D:2)
  3 gnolls (D:2)
  A worm (D:3)
  2 dart slugs
  A giant gecko (D:2)
  5 orcs (D:3)
  4 bats
  2 giant cockroaches (D:1)
  3 goblins
  6 hobgoblins
  8 jackals
  2 ball pythons
  2 giant newts (D:2)
  2 kobolds (D:2)
  10 rats
56 creatures vanquished.

Notes
Turn   | Place    | Note
--------------------------------------------------------------
     0 | D:1      | Tabu the Kobold Berserker began the quest for the Orb.
     0 | D:1      | Reached XP level 1. HP: 14/14 MP: 1/1
   296 | D:1      | Reached XP level 2. HP: 19/19 MP: 2/2
   612 | D:2      | Reached XP level 3. HP: 23/23 MP: 3/3
   616 | D:2      | Reached skill level 5 in Short Blades
   620 | D:2      | Reached XP level 4. HP: 29/29 MP: 4/4
   653 | D:2      | Found a stormy altar of Qazlal.
   702 | D:2      | Noticed a water elemental
   703 | D:2      | Noticed an earth elemental
   703 | D:2      | Noticed a fire elemental
   703 | D:2      | Noticed an air elemental
   970 | D:2      | Reached ** piety under Trog
  1086 | D:2      | Found a radiant altar of Vehumet.
  1154 | D:2      | Reached XP level 5. HP: 21/33 MP: 5/5
  1245 | D:3      | Reached skill level 6 in Short Blades
  1399 | D:3      | Found a shadowy altar of Dithmenos.
  1437 | D:3      | Slain by an orc priest

Skill      XL: |  1  2  3  4  5 |
---------------+----------------+-----
Dodging        | 3 4 |  4.0
Short Blades   | 5 6 |  6.3
Fighting       | 4 |  4.2
Armour         | |  1.5

Action                   |  1- 3 |  4- 6 || total
-------------------------+-------+-------++-------
Melee: Short sword       |    52 |   135 ||   187
Invok: Berserk           |     1 |     3 ||     4
       Trog's Hand       |       |     1 ||     1
  Use: Potion            |       |     2 ||     2
       Scroll            |       |     1 ||     1
 Stab: Sleeping          |     4 |     1 ||     5
  Eat: Chunk             |     7 |     6 ||    13
Armor: Animal skin       |     3 |     6 ||     9
       Leather armour    |       |    12 ||    12
Dodge: Dodged            |    31 |   123 ||   154
